 Dungeon Crawl Stone Soup version 0.29.1-2-gbd0b4ee654 (webtiles) character file.

Game seed: 1184369022055822130

345 Icepheonix32 the Insei (level 6, -8/47 HPs)
             Began as a Demigod Transmuter on Nov 4, 2022.
             Killed by divine providence
             ... invoked by an orc priest
              (11 damage)
             ... on level 4 of the Dungeon.
             The game lasted 00:06:15 (4350 turns).

Icepheonix32 the Insei (Demigod Transmuter)         Turns: 4350, Time: 00:06:16

Health: -8/47      AC:  2    Str: 11    XL:     6   Next: 10%
Magic:  8/13       EV: 20    Int: 21    God:
Gold:   256        SH:  0    Dex: 19    Spells: 1/10 levels left

rFire   . . .      SeeInvis .     - Unarmed
rCold   + . .      Faith    .   (shield currently unavailable)
rNeg    . . .      Spirit   .   (body armour currently unavailable)
rPois   x          Reflect  .   (helmet currently unavailable)
rElec   .          Harm     .   (cloak currently unavailable)
rCorr   .          Rampage  .   (gloves currently unavailable)
Will    .....                   (boots currently unavailable)
Stlth   ++........              (no amulet)
HPRegen 0.15/turn               e - ring of protection from cold
MPRegen 0.13/turn               (no ring)

@: spider-form, very slightly contaminated
A: venomous fangs, tiny, high MP 1, forlorn, divine attributes, (iridescent
scales 1), dopey 1, noise suppression
a: End Transformation


You were on level 4 of the Dungeon.
You were a venomous arachnid creature.
You visited 1 branch of the dungeon, and saw 4 of its levels.

You collected 256 gold pieces.

Inventory:

Armour
 a - a +1 robe (melded)
 h - a +0 pair of boots (melded)
 s - a +1 helmet (melded)
Jewellery
 e - a ring of protection from cold (left front leg)
Wands
 j - a wand of paralysis (7)
 m - a wand of flame (17)
Scrolls
 b - 6 scrolls of immolation {unknown}
 d - 2 scrolls of teleportation
 i - 3 scrolls of vulnerability
 l - a scroll of fog {unknown}
 n - 2 scrolls of noise {unknown}
 o - a scroll of magic mapping {unknown}
 p - a scroll of amnesia {unknown}
 q - a scroll of fear
 r - a scroll of poison {unknown}
Potions
 c - 3 potions of might {unknown}
 f - 3 potions of attraction
 g - 4 potions of curing
 k - a potion of heal wounds {unknown}


   Skills:
 + Level 1.1 Fighting
 + Level 2.5 Dodging
 + Level 1.6 Stealth
 + Level 4.1 Unarmed Combat
 + Level 2.6 Spellcasting
 * Level 0.4 Summonings
 * Level 3.5 Transmutations
 * Level 0.6 Poison Magic


You had one spell level left.
You knew the following spells:

 Your Spells              Type           Power      Damage    Failure   Level
a - Beastly Appendage     Tmut           34%        N/A       11%         1
b - Spider Form           Tmut/Pois      11%        N/A       36%         3
c - Wereblood             Tmut           17%        N/A       14%         2
d - Call Canine Familiar  Summ           4%         N/A       56%         3

Your spell library contained the following spells:

 Spells                   Type           Power      Damage    Failure   Level
 Summon Small Mammal      Summ           16%        N/A       28%         1
 Summon Guardian Golem    Hex/Summ       3%         N/A       58%         3
 Dazzling Flash           Conj/Hex       4%         N/A       61%         3
 Frozen Ramparts          Ice            4%         1d1       61%         3
 Ozocubu's Armour         Ice            2%         N/A       61%         3
 Ice Form                 Ice/Tmut       10%        N/A       75%         4
 Summon Ice Beast         Ice/Summ       3%         N/A       90%         4
 Iskenderun's Mystic Bla  Conj/Tloc      2%         2d3       92%         4
 Starburst                Conj/Fire      1%         6d3       100%        6
 Ozocubu's Refrigeration  Ice            1%         4d7       100%        7


Dungeon Overview and Level Annotations

Branches:
Dungeon (4/15)
 Temple: D:4-7


Innate Abilities, Weirdness & Mutations

You are a venomous arachnid creature.
You have poisonous fangs.
You are tiny and dextrous.
Your spellcasting is less reliable in this form.
Your armour is entirely melded.
You are incapable of wielding weapons or throwing items.
You have an increased reservoir of magic. (+10% MP)
You shall have no god before yourself.
Your divine heritage dramatically boosts your attributes as you level up.
((You are partially covered in iridescent scales. (AC +2)))
You are dopey. (Int -2)
You passively dampen the noise of your surroundings.


Message History

You bite the orc!
You kill the orc!
Unknown command.
You hit the orc.
The orc is poisoned.
The orc is heavily wounded.
The orc hits you with a +0 war axe!
The orc priest invokes the aid of Beogh against you.
Beogh smites you! The quokka barely misses you.
Unknown command.
You are too injured to fight recklessly!
Unknown command.
You are too injured to fight recklessly!
Unknown command.
You hit the orc.
You kill the orc!
The quokka bites you.
You hit the orc priest.
The orc priest is poisoned.
The orc priest is lightly wounded.
The orc priest barely misses you. The quokka misses you.
You barely miss the orc priest.
The orc priest is lightly wounded.
The orc priest invokes the aid of Beogh against you.
Beogh smites you!
* * * LOW HITPOINT WARNING * * *
The quokka misses you.
Unknown command.
You hit the orc priest.
The orc priest looks as sick as possible!
The orc priest is lightly wounded.
The quokka closely misses you.
The orc priest hits you with a +0 hand axe.
* * * LOW HITPOINT WARNING * * *
Unknown command.
You hit the orc priest.
The orc priest looks as sick as possible!
The orc priest is severely wounded.
The quokka completely misses you.
The orc priest mumbles some strange prayers to Beogh against you.
Beogh smites you!
You die...

#...# #. #...# #.# #...#
#...######...#########
#...+........<........
###...#######.........##
#...[.. #.........#
#......######.........##
#..>..os....'.........'.
......r######.........##
....... #.........#
!...... #.........#
....... ###########
....... ..##### .. ####


You could see an orc priest (extremely poisoned) and a quokka.

Vanquished Creatures
  Sigmund (D:2)
  An orc priest (D:3)
  A mummy (D:4)
  4 adders
  3 dart slugs (D:2)
  A worm (D:2)
  8 orcs
  6 ball pythons
  4 endoplasms
  4 giant cockroaches
  11 goblins
  8 hobgoblins
  7 jackals
  12 kobolds
  3 quokkas
  4 bats
  5 frilled lizards
  2 hobgoblin zombies (D:4)
  2 orc zombies (D:4)
  6 rats
93 creatures vanquished.

Vanquished Creatures (others)
  6 plants (D:1)
6 creatures vanquished.

Grand Total: 99 creatures vanquished

Notes
Turn   | Place    | Note
-------+----------+-------------------------------------------
     0 | D:1      | Icepheonix32 the Demigod Transmuter began the quest for the
                  | Orb.
     0 | D:1      | Reached XP level 1. HP: 15/15 MP: 5/5
   132 | D:1      | Noticed a golden eye
   141 | D:1      | Reached skill level 3 in Unarmed Combat
   158 | D:1      | Noticed a shining eye
   245 | D:1      | Noticed a floating eye
   246 | D:1      | Noticed a great orb of eyes
   281 | D:1      | Reached XP level 2. HP: 22/22 MP: 5/7
  1326 | D:2      | Reached XP level 3. HP: 23/27 MP: 6/8
  1670 | D:2      | HP: 1/27 [worm (7)]
  2298 | D:2      | Noticed Sigmund
  2309 | D:2      | Killed Sigmund
  2310 | D:2      | Reached skill level 1 in Fighting
  2310 | D:2      | Reached skill level 1 in Stealth
  2310 | D:2      | Reached XP level 4. HP: 29/35 MP: 8/10
  2310 | D:2      | Reached XP level 5. HP: 33/40 MP: 8/11
  2583 | D:2      | Gained mutation: You are partially covered in iridescent
                  | scales. (AC +2) [potion of mutation]
  2583 | D:2      | Gained mutation: You passively dampen the noise of your
                  | surroundings. [potion of mutation]
  2583 | D:2      | Gained mutation: You are dopey. (Int -2) [potion of
                  | mutation]
  2852 | D:3      | Learned a level 3 spell: Spider Form
  2855 | D:3      | Learned a level 2 spell: Wereblood
  2859 | D:3      | Learned a level 3 spell: Call Canine Familiar
  2931 | D:3      | Reached skill level 4 in Unarmed Combat
  3962 | D:4      | Reached XP level 6. HP: 42/47 MP: 8/12
  4350 | D:4      | Killed from afar by an orc priest

Illustrated notes

Levels and vault maps discovered:
D:1:      heliophobic_arrival_battle_scene, layout_loops_cross,
          hellmonk_ecumenical_altar_watching_god, corexii_corridor_pit,
          chequers_big_river, lexackson_kobold_supper
D:2:      layout_rooms, kennysheep_potato, uniq_sigmund
D:3:      cheibrodos_greedy_goblins, layout_basic, amcnicky_mini_pool_small,
          minmay_pentomino_pile
D:4:      layout_basic, general_overflow_altar, minmay_mini_ossuary

Skill      XL: |  1  2  3  4  5 |
---------------+----------------+-----
Transmutations | 2 3 |  3.5
Unarmed Combat | 3 4 |  4.1
Spellcasting   | 2 |  2.6
Dodging        | 2 |  2.5
Fighting       | 1 |  1.1
Stealth        | 1 |  1.6
Summonings     | |  0.4
Poison Magic   | |  0.6

Action                   |  1- 3 |  4- 6 || total
-------------------------+-------+-------++-------
Melee: Unarmed           |   135 |   140 ||   275
       Kick              |    25 |    27 ||    52
       Headbutt          |    12 |    10 ||    22
       Punch             |     3 |     6 ||     9
 Cast: Beastly Appendage |    22 |    19 ||    41
       Spider Form       |       |     3 ||     3
       Call Canine Famil |       |     1 ||     1
       Wereblood         |       |     1 ||     1
  Use: Potion            |     1 |     1 ||     2
       Scroll            |       |     7 ||     7
 Stab: Sleeping          |     3 |     2 ||     5
Armor: Robe              |    34 |    33 ||    67
       Skin              |     2 |     1 ||     3
Dodge: Dodged            |    87 |    86 ||   173
